cohdb
Replays
Latest Replays
All Replays
Popular Replays
Top Player Replays
Match Explorer
How It Works
Community
CoH3 Stats
Reddit
Sign in to upload your games and track your stats! →
Sign in with Steam
Match 42614241
Unlisted
Match 42614241
Overview
Messages
Build Orders
End
Construct Section Command Post
Vickers Machine Gun Team
Dingo Light Scout Car
Royal Engineer Section
Selects Canadian Shock Battlegroup
Selects Attacking Spirit
Selects Canadian Shock Section
Canadian Shock Section
Canadian Shock Section
Construct Platoon Command Post
Selects Incendiary Munitions
Infantry Training
Unlock Bishop Self-propelled Artillery
Bishop Self-propelled Artillery
Selects Pyrotechnics
Canadian Shock Section
Bishop Self-propelled Artillery
Light Vehicle Training
Construct Field Infirmary
Bishop Self-propelled Artillery
Selects Churchill Crocodile Heavy Tank
Churchill Crocodile Heavy Tank
Royal Engineer Section
soyboy harryson
SneaKerz
gb_gbg
Marty #feeltheBERN
12th SS Youth Panzer Division
Zac Efron
giants041
jimboslice
0
0
Comments
sign in to comment!
No comments posted yet!